 Dungeon Crawl Stone Soup version 0.28-a0-1560-g060a6a1bfc (webtiles) character file.

Game seed: 15127339894877845681

11 BritishOli the Slasher (level 2, -1/22 HPs)
             Began as a Demonspawn Gladiator on Jan 19, 2022.
             Slain by a kobold (15 damage)
             ... on level 1 of the Dungeon.
             The game lasted 00:00:21 (347 turns).

BritishOli the Slasher (Demonspawn Gladiator)        Turns: 347, Time: 00:00:21

Health: -1/22      AC:  7    Str: 14    XL:     2   Next: 13%
Magic:  2/2        EV: 12    Int:  9    God:
Gold:   8          SH:  0    Dex: 14    Spells: 1/1 levels left

rFire   . . .      SeeInvis .   a - +0 long sword
rCold   . . .      Faith    .   (no shield)
rNeg    . . .      Spirit   .   b - +0 leather armour
rPois   .          Reflect  .   c - +0 helmet
rElec   .          Harm     .   f - +2 cloak
rCorr   .          Rampage  .   (no gloves)
Will    .....                   (no boots)
Stlth   +.........              (no amulet)
HPRegen 0.07/turn               (no ring)
MPRegen 0.08/turn               (no ring)

@: no status effects
A: foul stench 1
a: no special abilities


You were on level 1 of the Dungeon.
You visited 1 branch of the dungeon, and saw 1 of its levels.

You collected 8 gold pieces.

Inventory:

Hand Weapons
 a - a +0 long sword (weapon)
Missiles
 d - 3 throwing nets (quivered)
Armour
 b - a +0 leather armour (worn)
 c - a +0 helmet (worn)
 f - a +2 cloak (worn)
Scrolls
 e - a scroll of torment {unknown}


   Skills:
 + Level 2.2 Fighting
 + Level 2.8 Long Blades
 + Level 2.0 Throwing
 + Level 2.8 Dodging


You had one spell level left.
You didn't know any spells.
Your spell library was empty.

Dungeon Overview and Level Annotations

Branches:
Dungeon (1/15)

Altars:


Innate Abilities, Weirdness & Mutations

You may rarely emit foul miasma when damaged in melee.


Message History

No target in view!
A goblin and a kobold come into view.
The kobold shouts!
The kobold closely misses you.
There are monsters nearby!
There are monsters nearby!
You hit the kobold.
The kobold is severely wounded.
The kobold closely misses you.
There are monsters nearby!
You hit the kobold but do no damage.
The kobold is severely wounded.
The kobold hits you with a +0 club. The kobold hits you but does no damage.
The goblin hits you but does no damage.
There are monsters nearby!
You completely miss the kobold.
The kobold is severely wounded.
The kobold hits you but does no damage. The goblin completely misses you.
There are monsters nearby!
You hit the kobold.
You kill the kobold!
The goblin hits you but does no damage.
A goblin is nearby!
You slash the goblin!
You kill the goblin!
Things that are here:
a +0 club; a kobold corpse No target in view!
You open the door.
Found a faded altar of an unknown god.
A kobold comes into view.
It is wielding a +3 whip of electrocution.
There is an open door here.
The kobold shouts!
You hear a shout!
A frilled lizard comes into view.
There are monsters nearby!
A kobold comes into view. It is wielding a +1 dagger of venom.
The kobold hits you with a +3 whip of electrocution!
You are electrocuted!
Ouch! That really hurt!
You die...

. # ###### ....# ....
#########..#
.....l..#..#
#K.K.#..############ #
#@#.)...........##
..#..#.#..##########...
≈≈≈_≈≈≈≈'.)# ####
#..#..#.#..# #..#.#..#
#. ..#### .....#
#######


You could see 2 kobolds and a frilled lizard (wandering).

Vanquished Creatures
  A dart slug (D:1)
  A ball python (D:1)
  A goblin (D:1)
  A quokka (D:1)
  A bat (D:1)
  A frilled lizard (D:1)
  A kobold (D:1)
  3 rats (D:1)
10 creatures vanquished.

Notes
Turn   | Place    | Note
-------+----------+-------------------------------------------
     0 | D:1      | BritishOli the Demonspawn Gladiator began the quest for the
                  | Orb.
     0 | D:1      | Reached XP level 1. HP: 16/16 MP: 1/1
   273 | D:1      | Gained mutation: You may rarely emit foul miasma when
                  | damaged in melee. [demonic ancestry]
   273 | D:1      | Reached XP level 2. HP: 22/22 MP: 2/2
   344 | D:1      | Found a faded altar of an unknown god.
   347 | D:1      | Slain by a kobold

Illustrated notes

Levels and vault maps discovered:
D:1:      scummos_arrival_simple_fountains, layout_rooms,
          shapermc_ecumenical_altar_notcrosses

Skill      XL: |  1 |
---------------+----+-----
Throwing       | 2 |  2.0
Fighting       | |  2.2
Long Blades    | |  2.8
Dodging        | |  2.8

Action                   || total
-------------------------++-------
Melee: Long sword        ||    37
       Punch             ||     1
Armor: Leather armour    ||    15
Dodge: Dodged            ||    28

Table legend: (Time is in decaauts)
 A = Elapsed time spent in this place.
 B = Non-inter-level travel time spent in this place.
 C = Inter-level travel time spent in this place.
 D = Time resting spent in this place.
 E = Time spent auto-exploring this place.
 F = Levels seen in this place.
 G = Mean time per level.
                   A        B        C        D        E       F      G
               +--------+--------+--------+--------+--------+-----+--------+
         Total |    356 |    356 |      0 |      0 |    255 |   1 |  356.0 |
       Dungeon |    356 |    356 |      0 |      0 |    255 |   1 |  356.0 |
               +--------+--------+--------+--------+--------+-----+--------+

Top non-repeatable levels by time:
     D:1: 356 daAuts
